AoeStats
← tjmsky

Arabia

506584985Analyzed
1v1 RM · 18d ago on Sep 14, 2026· 50m 19s· 2 players
Game mode
Random Map
Map size
Tiny (2 player)
Population
200
Speed
Normal
Resources
Standard
Victory
Conquest
Starting age
Dark Age
Ending age
Imperial Age
RankedLock teamsTeams togetherTeam positionsShared explorationLock speedFull tech treeHidden civsTurbo modeCheats
Victory
Defeat
🇨🇳 Celts · China
889
+15
🇭🇰 Inca · Hong Kong SAR China
869
-41
tjmsky
4:54 Loom
10:39 Feudal Age
11:12 Double-Bit Axe
11:16 Horse Collar
12:10 Champi Runner
16:37 Wheelbarrow
16:46 Gold Mining
19:23 Fletching
25:33 Castle Age
24:08 Padded Archer Armor
24:41 Stone Mining
25:51 Scale Mail Armor
26:36 Bodkin Arrow
26:38 Crossbowman
29:20 Champi Warrior
30:01 Squires
29:43 Pikeman
31:34 Hand Cart
31:47 Leather Archer Armor
31:54 Town Watch
40:23 Thumb Ring
40:30 Forging
40:35 Chain Mail Armor
42:12 Iron Casting
44:27 Heavy Plow
48:24 Imperial Age
46:25 Andean Sling
46:51 Ballistics
48:28 Elite Champi Warrior
49:40 Ring Archer Armor
节节
1:54 Loom
10:53 Feudal Age
15:16 Castle Age
14:09 Double-Bit Axe
14:18 Horse Collar
15:56 Forging
19:21 Gold Mining
21:09 Fletching
21:16 Elite Skirmisher
22:45 Wheelbarrow
24:20 Padded Archer Armor
26:42 Gold Shaft Mining
29:36 Bodkin Arrow
30:18 Iron Casting
32:20 Hand Cart
33:42 Stone Mining
38:52 Imperial Age
36:42 Man-at-Arms
37:08 Gambesons
38:15 Bow Saw
39:19 Ballistics
39:31 Leather Archer Armor
40:39 Long Swordsman
42:33 Chemistry
43:06 Two-Handed Swordsman
45:34 Blast Furnace
44:35 Scale Mail Armor
45:05 Ring Archer Armor
45:19 Stone Shaft Mining
46:32 Champion
47:33 Chain Mail Armor
Connection lost

Rejoining the realm…

Still unreachable

The connection could not be restored.

Session expired

The server has moved on; the page needs a fresh start.